 Dungeon Crawl Stone Soup version 0.28.0 (webtiles) character file.

Game seed: 2489017263062994355

627 tizbic2 the Cudgeller (level 7, -3/74 HPs)
             Began as an Ogre Berserker on Feb 4, 2022.
             Was a Believer of Trog.
             Slain by a phantom (5 damage)
             ... on level 4 of the Dungeon.
             The game lasted 00:09:53 (2843 turns).

tizbic2 the Cudgeller (Ogre Berserker)              Turns: 2843, Time: 00:09:53

Health: -3/74      AC:  3    Str: 24    XL:     7   Next: 48%
Magic:  7/7        EV: 10    Int:  8    God:    Trog [**....]
Gold:   71         SH:  0    Dex:  8    Spells: 6/6 levels left

rFire   . . .      SeeInvis .   o - +0 whip (freeze)
rCold   . . .      Faith    .   (no shield)
rNeg    . . .      Spirit   .   b - +0 animal skin
rPois   .          Reflect  .   (helmet restricted)
rElec   .          Harm     .   (no cloak)
rCorr   .          Rampage  .   (gloves unavailable)
Will    .....                   (boots unavailable)
Stlth   +.........              (no amulet)
HPRegen 0.22/turn               (no ring)
MPRegen 0.10/turn               (no ring)

@: on berserk cooldown, slowed, very slow
A: large, unfitting armour, tough skin 1
a: Renounce Religion, Berserk, Trog's Hand


You were on level 4 of the Dungeon.
You worshipped Trog.
Trog was pleased with you.
You visited 1 branch of the dungeon, and saw 4 of its levels.

You collected 71 gold pieces.

Inventory:

Hand Weapons
 h - a +0 giant club
 o - a +0 whip of freezing (weapon)
Missiles
 c - 94 stones (quivered)
Armour
 b - a +0 animal skin (worn)
Scrolls
 a - a scroll of noise {unknown}
 i - a scroll of summoning
 j - a scroll of enchant weapon {unknown}
 m - a scroll of identify
 n - a scroll of teleportation
Potions
 d - a potion of attraction {unknown}
 e - a potion of curing
 f - 2 potions of heal wounds {unknown}
 g - 2 potions of mutation {unknown}


   Skills:
 - Level 5.8 Fighting
 + Level 7.1 Maces & Flails
 - Level 2.6 Dodging


You had 6 spell levels left.
You didn't know any spells.
Your spell library was empty.

Dungeon Overview and Level Annotations

Branches:
Dungeon (4/15)             Temple (0/1) D:4

Altars:


Innate Abilities, Weirdness & Mutations

You are too large for most types of armour.
You have tough skin. (AC +1)


Message History

* * * LOW HITPOINT WARNING * * *
You feel better. The hound skeleton closely misses you.
The hound skeleton bites you but does no damage.
The phantom hits you.
You sock the hound skeleton!
The hound skeleton is heavily damaged.
The hound skeleton closely misses you. The phantom hits you!
* * * LOW HITPOINT WARNING * * *
The hound skeleton bites you.
* * * LOW HITPOINT WARNING * * *
The phantom hits you.
* * * LOW HITPOINT WARNING * * *
The hound skeleton barely misses you.
Your +0 whip of freezing glows with a cold blue light!
o - a +0 whip of freezing (weapon)
The phantom hits you.
* * * LOW HITPOINT WARNING * * *
The phantom blinks!
You blink.
A hound comes into view.
Found 13 stones.
The hound moves out of view.
You feel better.
The phantom hits you but does no damage.
The hound barks!
You hear a shout!
The hound skeleton barely misses you. The hound skeleton bites you.
* * * LOW HITPOINT WARNING * * *
The hound skeleton barely misses you.
The hound skeleton bites you but does no damage.
The phantom closely misses you. The hound skeleton bites you.
* * * LOW HITPOINT WARNING * * *
The phantom hits you.
* * * LOW HITPOINT WARNING * * *
The phantom hits you.
* * * LOW HITPOINT WARNING * * *
The phantom hits you!
* * * LOW HITPOINT WARNING * * *
The phantom blinks!
You blink.
Found a staircase to the Ecumenical Temple.
The phantom hits you.
You die...

.#####......##.## .
....).Z.........###.#
.#...#.Z#.......##..
#.....###Z##...##.#
#.....# #.##......###
. ##>...#
#.####......##....
#....#
#Z####...<).......
#.....
#.h.......#.......
#..##(
#......@..#.#....<
#..
#.....W...........
##....###.....###.
.......# ≈≈≈≈≈≈≈
..#.$..# #.....#≈
........ ......|≈.
........≈ ....
..####. >...


You could see a phantom, a hound and a hound skeleton.

Vanquished Creatures
  Grinder (D:3)
  Sigmund (D:2)
  An ogre (D:3)
  A hound skeleton (D:2)
  4 gnolls (D:3)
  5 adders
  2 worms
  2 dart slugs
  14 ball pythons
  8 bats
  8 endoplasms
  5 giant cockroaches
  4 goblins
  4 hobgoblins
  2 jackals (D:1)
  6 kobolds
  2 quokkas
  A frilled lizard (D:2)
  A quokka skeleton (D:3)
  5 rats
77 creatures vanquished.

Notes
Turn   | Place    | Note
-------+----------+-------------------------------------------
     0 | D:1      | tizbic2 the Ogre Berserker began the quest for the Orb.
     0 | D:1      | Reached XP level 1. HP: 24/24 MP: 1/1
    56 | D:1      | Reached skill level 3 in Maces & Flails
    65 | D:1      | Reached XP level 2. HP: 32/32 MP: 2/2
   407 | D:1      | Reached XP level 3. HP: 40/40 MP: 3/3
   598 | D:1      | Reached ** piety under Trog
   862 | D:2      | Noticed Sigmund
   867 | D:2      | Killed Sigmund
   868 | D:2      | Reached skill level 5 in Fighting
   868 | D:2      | Reached skill level 4 in Maces & Flails
   868 | D:2      | Reached XP level 4. HP: 32/52 MP: 4/4
   868 | D:2      | Reached XP level 5. HP: 37/59 MP: 5/5
  1158 | D:2      | Reached skill level 5 in Maces & Flails
  1208 | D:2      | Reached XP level 6. HP: 62/67 MP: 6/6
  1896 | D:3      | Reached skill level 6 in Maces & Flails
  2644 | D:3      | Noticed Grinder
  2661 | D:3      | Killed Grinder
  2662 | D:3      | Reached skill level 7 in Maces & Flails
  2662 | D:3      | Reached XP level 7. HP: 74/74 MP: 7/7
  2842 | D:4      | HP: 2/74 [phantom (7)]
  2843 | D:4      | Found a staircase to the Ecumenical Temple.
  2843 | D:4      | Slain by a phantom

Illustrated notes

Levels and vault maps discovered:
D:1:      matt_arrival_spirals, layout_basic, minmay_cupped
D:2:      layout_loops_ring, uniq_sigmund
D:3:      layout_loops_ring, uniq_grinder
D:4:      layout_rooms, minmay_temple_entry_water_ring,
          minmay_misc_feat_more_columns, uniq_duvessa

Skill      XL: |  1  2  3  4  5  6 |
---------------+-------------------+-----
Maces & Flails | 3 4 5 7 |  7.1
Fighting       | 5 |  5.8
Dodging        | |  2.6

Action                   |  1- 3 |  4- 6 |  7- 9 || total
-------------------------+-------+-------+-------++-------
Melee: Mace              |    74 |    70 |       ||   144
       Punch             |     1 |       |       ||     1
       Giant club        |       |    71 |    24 ||    95
Throw: Stone             |    12 |    10 |       ||    22
Invok: Berserk           |     1 |     4 |     1 ||     6
  Use: Scroll            |     3 |     1 |       ||     4
       Potion            |       |       |     2 ||     2
 Stab: Sleeping          |       |     1 |       ||     1
Armor: Animal skin       |    30 |    37 |    12 ||    79
Dodge: Dodged            |    52 |    76 |    20 ||   148
